 Dungeon Crawl Stone Soup version 0.17-a0-1987-gaf5a542 (webtiles) character file.

116 dpvblackbelt the Ducker (level 4, -2/19 HPs)
             Began as a Felid Warper on Oct 6, 2015.
             Was an Initiate of Ashenzari.
             Killed by divine providence
             ... invoked by an orc priest
              (12 damage)
             ... on level 5 of the Dungeon.
             The game lasted 00:14:05 (3707 turns).

dpvblackbelt the Ducker (Felid Warper)              Turns: 3707, Time: 00:14:05

Health: -2/19      AC:  1    Str:  7    XL:     4   Next: 70%
Magic:  8/8        EV: 20    Int: 14    God:    Ashenzari [......]
Gold:   72         SH:  0    Dex: 17    Spells: 3 memorised, 2 levels left
                                        Lives:  0   Deaths: 1

rFire  . . .     SeeInvis +       - Unarmed
rCold  + . .     Clarity  .     (armour unavailable)
rNeg   . . .     SustAt   .     (shield unavailable)
rPois  .         Gourm    .     (helmet unavailable)
rElec  .         Spirit   .     (cloak unavailable)
rCorr  .         Warding  .     (gloves unavailable)
rMut   .         Stasis   .     (boots unavailable)
MR     .....                    (no amulet)
Stlth  +++.......               (no ring)
                                m - ring of protection from cold (curse) {rC+, !d}

@: quick, not resistant to hostile enchantments, fairly stealthy
A: no armour, no weapons or thrown items, claws 1, fangs 3, see invisible,
carnivore 3, speed 1, shaggy fur 1, slow metabolism 1, sharp paws
a: Renounce Religion


You were on level 5 of the Dungeon.
You worshipped Ashenzari.
Ashenzari was noncommittal.
You were not hungry.

You visited 1 branch of the dungeon, and saw 5 of its levels.

You collected 72 gold pieces.

Inventory:

Jewellery
 m - a cursed ring of protection from cold (left paw) {rC+, !d}
   (You found it on level 2 of the Dungeon)
Scrolls
 i - 2 scrolls of identify
 n - 2 scrolls of curse jewellery
Books
 a - a book of Spatial Translocations
Comestibles
 c - 3 meat rations {@e2@e2}
 g - a slice of pizza


   Skills:
 - Level 2.0 Fighting
 + Level 5.1 Dodging
 - Level 4.2 Stealth
 + Level 3.8 Unarmed Combat
 - Level 2.0 Spellcasting
 - Level 4.4 Translocations


You had 2 spell levels left.
You knew the following spells:

 Your Spells              Type           Power        Failure   Level  Hunger
a - Shroud of Golubria    Chrm/Tloc      #.........   17%         2    ###....
b - Blink                 Tloc           N/A          10%         2    ###....
g - Apportation           Tloc           ##........   4%          1    ##.....


Dungeon Overview and Level Annotations

Branches:
Dungeon (5/15)
 Temple: D:4-7

Altars:
Ashenzari

Annotations:
D:4 Pikel


Innate Abilities, Weirdness & Mutations

You cannot wear armour.
You are incapable of wielding weapons or throwing items.
You have sharp claws.
You have razor-sharp teeth.
You have supernaturally acute eyesight.
You are carnivorous and can eat meat at any time.
You cover ground quickly.
You are covered in fur (AC +1).
You have a slow metabolism.
Your sharp claws are effective at attacking unaware monsters.


Message History

You start resting.
Health restored: 22
There is a stone staircase leading down here.
You climb downwards.
There is a stone staircase leading up, spattered with blood here.
There is a stone staircase leading down here.
You climb downwards.
Level annotation: Pikel
There is a stone staircase leading up here.
You scratch the slave. The slave barely misses you.
You scratch the slave. The slave barely misses you.
You scratch the slave. The slave completely misses you.
You barely miss the slave. You scratch the slave. The slave misses you.
You scratch the slave. You bite the slave. The slave closely misses you.
You barely miss the slave. The slave completely misses you.
You scratch the slave but do no damage. The slave barely misses you.
You completely miss the slave. The slave misses you.
You scratch the slave. The slave closely misses you.
You barely miss the slave. The slave hits you!
You take 8 damage, and have 14/22 hp.
MASSIVE DAMAGE!!
You scratch the slave but do no damage. The slave misses you.
You barely miss the slave. The slave completely misses you.
You closely miss the slave. The slave barely misses you.
You scratch the slave.
You kill the slave!
That felt strangely unrewarding.
You start resting.
A hound comes into view.
You climb upwards.
There is a stone staircase leading down here.
You start resting.
An orc comes into view. It is wielding a short sword.
You regained 2 hp, and now have 16/22 hp.
You scratch the orc but do no damage. The orc closely misses you.
You scratch the orc. The orc hits you with a short sword!
You take 7 damage, and have 9/22 hp.
MASSIVE DAMAGE!!
You scratch the orc. Your bite misses the orc. The orc misses you.
You claw the orc!
You kill the orc!
You start resting.
You regained 2 hp, and now have 11/22 hp.
You start resting.
You regained 2 hp, and now have 13/22 hp.
There is a stone staircase leading down, spattered with blood here.
You climb downwards.
Level annotation: Pikel The hound closely misses you.
The hound misses you.
There is a stone staircase leading up, spattered with blood here.
You closely miss the hound. You bite the hound, but do no damage.
The hound misses you.
You scratch the hound. The hound bites you.
You take 4 damage, and have 9/22 hp.
You miss the hound. The hound closely misses you. The hound bites you.
* * * LOW HITPOINT WARNING * * *
You take 5 damage, and have 4/22 hp.
MASSIVE DAMAGE!!
You barely miss the hound. The hound closely misses you.
Drink which item? (? for menu, Esc to quit)
You feel very mighty all of a sudden. The hound completely misses you.
You closely miss the hound. The hound bites you.
You die...
The hound barely misses you.
You are now level 4!
You rejoin the land of the living...
Health restored: 19 You now have 8/8 mp.
The slave shouts!
There is a stone staircase leading down here.
You climb downwards.
An orc, 2 orc priests and an orc wizard come into view.
There is a stone staircase leading up here.
You pounce on the unaware helpless orc priest!
You mangle the orc priest!!
You kill the orc priest!
Your Dodging skill increases to level 5!
The orc priest shouts!
The orc wizard shouts!
The orc shouts!
You scratch the orc priest but do no damage.
The orc priest mumbles some strange prayers to Beogh against you.
Pain shoots through your body!
You take 9 damage, and have 10/19 hp.
MASSIVE DAMAGE!!
You scratch the orc priest.
The orc wizard mumbles some strange words.
The orc wizard seems to speed up.
The orc priest closely misses you.
You claw the orc priest! Your bite misses the orc priest.
The orc wizard casts a spell at you. You resist with some effort.
The orc priest closely misses you. The orc wizard casts a spell at you.
You resist with some effort.
You closely miss the orc priest.
The orc wizard hits you but does no damage.
The orc priest invokes the aid of Beogh against you.
Something smites you!
Ouch! That really hurt!
You die...

.... .....
.^... #....#
#.....#
#......########
......oo.......
......o@.......
.####..<..##...
#..).## #.$....
#.........
#...........
...########.
#... ...#


You could see an orc priest, an orc wizard and an orc.

Vanquished Creatures
  A slave (D:4)
  An orc priest (D:5)
  A giant frog skeleton (D:4)
  10 adders
  A worm (D:2)
  2 giant geckos (D:1)
  6 orcs
  A ball python (D:1)
  6 bats
  4 giant cockroaches
  6 goblins
  5 hobgoblins
  A quokka (D:2)
  5 giant newts
  6 kobolds
  4 rats (D:2)
60 creatures vanquished.

Notes
Turn   | Place    | Note
--------------------------------------------------------------
     0 | D:1      | dpvblackbelt the Felid Warper began the quest for the Orb.
     0 | D:1      | Reached XP level 1. HP: 9/9 MP: 4/4
    52 | D:1      | Reached skill level 1 in Stealth
   125 | D:1      | Reached skill level 2 in Stealth
   144 | D:1      | Reached XP level 2. HP: 5/13 MP: 6/6
   542 | D:1      | Reached skill level 3 in Stealth
   543 | D:1      | HP: 3/13 [goblin/dagger (3)]
   720 | D:2      | Learned a level 2 spell: Blink
   723 | D:2      | Learned a level 2 spell: Shroud of Golubria
   794 | D:2      | Reached skill level 4 in Stealth
   794 | D:2      | Reached XP level 3. HP: 16/16 MP: 7/7
   867 | D:2      | Found a shattered altar of Ashenzari.
  1248 | D:2      | Became a worshipper of Ashenzari the Shackled
  1454 | D:2      | Reached XP level 4. HP: 17/19 MP: 8/8
  1511 | D:3      | Noticed an orc warrior
  1585 | D:2      | Reached skill level 4 in Dodging
  1603 | D:2      | Reached skill level 3 in Unarmed Combat
  1974 | D:3      | HP: 4/19 [orc priest/divine providence (9)]
  2614 | D:4      | Reached XP level 5. HP: 19/22 MP: 9/9
  2628 | D:4      | Noticed a slave
  2629 | D:4      | Noticed Pikel
  2636 | D:4      | Noticed a slave
  2703 | D:4      | Noticed a slave
  2923 | D:3      | HP: 5/22 [poisoned by an adder]
  2928 | D:3      | HP: 4/22 [poisoned by an adder]
  2933 | D:3      | HP: 3/22 [poisoned by an adder]
  2938 | D:2      | HP: 3/22 [poisoned by an adder]
  3590 | D:4      | Killed a slave
  3687 | D:4      | HP: 4/22 [hound (6)]
  3690 | D:4      | Slain by a hound
  3691 | D:4      | Reached XP level 4. HP: 0/19 MP: 8/8
  3701 | D:5      | Entered Level 5 of the Dungeon
  3702 | D:5      | Reached skill level 5 in Dodging
  3707 | D:5      | Killed from afar by an orc priest

Vault maps used:
D:1:      dpeg_arrival_oval, minivault_19
D:2:      forest_paths, nicolae_ashenzari_panopticon
D:3:      tgw_kikubaaqudgha
D:4:      first_bread, uniq_pikel
D:5:      kennysheep_big_flooded_room, grunt_gozag_breadcrumbs, serial_shops,
          kennysheep_little_box, roderic_bipointed_swastika,
          uniq_prince_ribbit1, uniq_blork_the_orc, uniq_menkaure

Action                   |  1- 3 |  4- 6 || total
-------------------------+-------+-------++-------
Melee: Unarmed           |    63 |   108 ||   171
 Cast: Shroud of Golubri |     4 |     6 ||    10
       Blink             |       |     3 ||     3
  Use: Potion            |     2 |     6 ||     8
       Scroll            |     1 |     8 ||     9
 Stab: Sleeping          |    12 |    12 ||    24
  Eat: Chunk             |     4 |     9 ||    13

Vault maps used:
D:1:      dpeg_arrival_oval, minivault_19
D:2:      forest_paths, nicolae_ashenzari_panopticon
D:3:      tgw_kikubaaqudgha
D:4:      first_bread, uniq_pikel
D:5:      kennysheep_big_flooded_room, grunt_gozag_breadcrumbs, serial_shops,
          kennysheep_little_box, roderic_bipointed_swastika,
          uniq_prince_ribbit1, uniq_blork_the_orc, uniq_menkaure

Table legend:
 A = Turns spent in this place as a percentage of turns spent in the entire game.
 B = Non-inter-level travel turns spent in this place as a percentage of non-inter-level travel turns spent in the entire game.
 C = Inter-level travel turns spent in this place as a percentage of turns spent in this place.
 D = Turns resting spent in this place as a percentage of non-inter-level travel turns spent in this place.
 E = Turns spent auto-exploring this place as a percentage of non-inter-level travel turns spent in this place.
 F = Non-inter-level travel turns spent in this place divided by the number of levels of this place that you've seen.
                   A       B       C       D       E      F
               +-------+-------+-------+-------+-------+----------------------
         Total | 100.0 | 100.0 |   0.8 |   3.2 |   7.5 | 202.0
       Dungeon | 100.0 | 100.0 |   0.8 |   3.2 |   7.5 | 202.0
               +-------+-------+-------+-------+-------+----------------------

Table legend:
 A = Kills in this place as a percentage of kills in entire the game.
 B = Kills by you in this place as a percentage of kills by you in the entire game.
 C = Kills by friends in this place as a percentage of kills by friends in the entire game.
 D = Other kills in this place as a percentage of other kills in the entire game.
 E = Experience gained in this place as a percentage of experience gained in the entire game.
 F = Experience gained in this place divided by the number of levels of this place that you have seen.
                   A       B       C       D       E      F
               +-------+-------+-------+-------+-------+----------------------
         Total | 100.0 | 100.0 |  -nan |  -nan | 100.0 |  58.6
       Dungeon | 100.0 | 100.0 |  -nan |  -nan | 100.0 |  58.6
               +-------+-------+-------+-------+-------+----------------------
